 Dungeon Crawl Stone Soup version 0.19-a0-1866-ge6f2195 (webtiles) character file.

480 JeffiDaFish the Sneak (level 6, -4/46 HPs)
             Began as a Vampire Enchanter on Oct 12, 2016.
             Was an Initiate of Dithmenos.
             Shot with an arrow by a centaur (8 damage)
             ... on level 5 of the Dungeon.
             The game lasted 00:18:36 (4825 turns).

JeffiDaFish the Sneak (Vampire Enchanter)           Turns: 4825, Time: 00:18:36

Health: -4/46      AC:  4    Str:  9    XL:     6   Next: 86%
Magic:  0/10       EV: 13    Int: 17    God:    Dithmenos [......]
Gold:   234        SH:  0    Dex: 15    Spells: 3 memorised, 4 levels left

rFire  . . .     SeeInvis +     f - +1 dagger (venom)
rCold  + . .     Gourm    .     b - +2 robe
rNeg   + . .     Faith    .     (no shield)
rPois  .         Spirit   .     (no helmet)
rElec  .         Dismiss  .     (no cloak)
rCorr  .         Reflect  .     (no gloves)
MR     .....     Harm     .     (no boots)
Stlth  +++.......               (no amulet)
                                (no ring)
                                i - ring of protection from cold

@: very slightly contaminated
A: fangs 3, see invisible, unbreathing
a: Bat Form, Renounce Religion


You were on level 5 of the Dungeon.
You worshipped Dithmenos.
Dithmenos was noncommittal.
You were not thirsty.

You visited 2 branches of the dungeon, and saw 6 of its levels.

You collected 234 gold pieces.

Inventory:

Hand Weapons
 a - a +1 dagger
 f - a +1 dagger of venom (weapon)
Armour
 b - a +2 robe (worn)
Jewellery
 i - a ring of protection from cold (left hand)
Wands
 g - a wand of random effects (12/48)
Scrolls
 h - a scroll of teleportation
 k - 5 scrolls of remove curse
 n - 3 scrolls of identify
 q - a scroll of recharging
 r - 3 scrolls of enchant armour
Potions
 d - 15 potions of blood
 e - a potion of flight
 j - a potion of resistance {unknown}
 l - a potion of curing
 m - a potion of degeneration {unknown}
 o - a potion of heal wounds {unknown}
 p - a potion of agility
Books
 c - a book of Maledictions

   Spells                             Type                      Level
   a - Corona                         Hexes                        1
   b - Ensorcelled Hibernation        Hexes/Ice                    2
   c - Confuse                        Hexes                        3
   d - Tukima's Dance                 Hexes                        3
   e - Dazzling Spray                 Conjuration/Hexes            3


   Skills:
 * Level 2.9 Fighting
 + Level 3.0 Short Blades
 + Level 3.1 Dodging
 + Level 6.6 Stealth
 + Level 2.9 Spellcasting
 + Level 5.5 Hexes
 + Level 2.2 Ice Magic


You had 4 spell levels left.
You knew the following spells:

 Your Spells              Type           Power        Failure   Level  Hunger
a - Corona                Hex            ###....      1%          1    None
b - Ensorcelled Hibernat  Hex/Ice        ###...       6%          2    ##.....
c - Confuse               Hex            ###.....     8%          3    ###....


Dungeon Overview and Level Annotations

Branches:
Dungeon (5/15)             Temple (1/1) D:5

Altars:
Dithmenos
Elyvilon
Fedhas
Gozag
Hepliaklqana
Okawaru
Trog
Uskayaw
Xom

Shops:
D:4 !


Innate Abilities, Weirdness & Mutations

You have razor-sharp teeth.
You have supernaturally acute eyesight. (SInv)
You can survive without breathing.


Message History

Casting: Ensorcelled Hibernation
Confirm with . or Enter, or press ? or * to list all spells.
Aiming: Ensorcelled Hibernation
Press: ? - help, Shift-Dir - straight line, f/p - centaur
Aim: a centaur (moderately wounded, poisoned, not susceptible)
The centaur is unaffected.
The centaur misses you. x2
The centaur wields an uncursed shortbow.
The centaur shoots an arrow.
The arrow hits you.
* * * LOW HITPOINT WARNING * * *
You see here 3 arrows.
Casting: Ensorcelled Hibernation
Confirm with . or Enter, or press ? or * to list all spells.
Aiming: Confuse
Press: ? - help, Shift-Dir - straight line, f/p - centaur
Aim: a centaur, wielding a shortbow (moderately wounded, poisoned, chance to defeat MR: 50%)
You miscast Confuse.
You are very lightly contaminated with residual magic.
You feel off-balance for a moment.
The centaur shoots an arrow.
The arrow hits you!
You die...

#..# #..##
....# ...#
...# #..#
#########(.#
#.......@..#
#.########c#
# #.# .# #
#.# .. # #<#
... # #.#
.... # #.#
..... # #.#
...... # #.#
#


You could see a centaur.

Vanquished Creatures
  An ogre (D:5)
  A jelly (D:4)
  A hound (D:4)
  An orc wizard (D:4)
  2 iguanas (D:4)
  2 worker ants
  5 adders
  4 gnolls (D:5)
  A shadow imp (D:4)
  An adder skeleton (D:4)
  4 worms (D:2)
  A dart slug (D:2)
  2 leopard geckos
  5 orcs (D:4)
  2 ball pythons
  7 giant cockroaches
  6 hobgoblins
  18 jackals
  3 kobolds
  3 quokkas
  7 bats
  5 frilled lizards
  9 goblins
  A quokka skeleton (D:4)
  9 rats
101 creatures vanquished.

Notes
Turn   | Place    | Note
-------+----------+-------------------------------------------
     0 | D:1      | JeffiDaFish the Vampire Enchanter began the quest for the Orb.
     0 | D:1      | Reached XP level 1. HP: 13/13 MP: 3/3
   312 | D:1      | Reached XP level 2. HP: 13/19 MP: 5/5
   481 | D:1      | Learned a level 2 spell: Ensorcelled Hibernation
   842 | D:1      | Reached skill level 5 in Stealth
   856 | D:1      | Reached XP level 3. HP: 21/25 MP: 6/6
  1214 | D:1      | Learned a level 3 spell: Confuse
  1559 | D:2      | Reached skill level 1 in Fighting
  1790 | D:2      | Reached XP level 4. HP: 32/32 MP: 7/7
  2184 | D:2      | Reached skill level 5 in Hexes
  2923 | D:3      | Reached skill level 1 in Ice Magic
  3568 | D:4      | Reached XP level 5. HP: 24/38 MP: 5/8
  3756 | D:4      | Reached skill level 6 in Stealth
  3938 | D:4      | Found Qauxtaf's Distillery.
  3964 | D:4      | Reached XP level 6. HP: 31/46 MP: 9/9
  4323 | D:5      | Entered Level 5 of the Dungeon
  4730 | D:5      | Found a staircase to the Ecumenical Temple.
  4740 | Temple   | Entered the Ecumenical Temple
  4751 | Temple   | Became a worshipper of Dithmenos the Shadowed
  4825 | D:5      | Shot with an arrow by a centaur

Vault maps used:
D:1:      lightli_arrival_lavapool
D:3:      first_bread, kennysheep_generic_room_11
D:4:      serial_shops, shop, supply_closet_lemuel, grunt_ministairs_11
D:5:      hangedman_decor_push
Temple:   nicolae_temple_the_god_donut

Skill      XL: |  1  2  3  4  5  6 |
---------------+-------------------+-----
Stealth        | 5 6 |  6.6
Short Blades   | 2 3 |  3.0
Fighting       | 1 2 |  2.9
Hexes          | 5 |  5.5
Ice Magic      | 1 2 |  2.2
Dodging        | 3 |  3.1
Spellcasting   | |  2.9

Action                   |  1- 3 |  4- 6 || total
-------------------------+-------+-------++-------
Melee: Dagger            |   167 |   212 ||   379
       Bite              |    10 |    16 ||    26
 Cast: Corona            |     1 |       ||     1
       Ensorcelled Hiber |     1 |    20 ||    21
       Confuse           |       |     2 ||     2
  Use: Scroll            |     6 |     6 ||    12
       Potion            |     6 |    12 ||    18
 Stab: Sleeping          |    14 |    20 ||    34
       Distracted        |       |     1 ||     1
Armor: Robe              |    49 |    50 ||    99
Dodge: Dodged            |   113 |   130 ||   243
